 Dungeon Crawl Stone Soup version 0.30-a0-1016-gfb0d676c02 (webtiles) character file.

Game seed: 14603409945040089345

62848 ytrimaz the Brawler (level 14, -8/143 HPs)
             Began as a Troll Transmuter on Apr 6, 2023.
             Was a High Priest of Okawaru.
             Mangled by a two-headed ogre
             ... wielding a +0 giant club
              (16 damage)
             ... on level 12 of the Dungeon.
             The game lasted 00:29:09 (20471 turns).

ytrimaz the Brawler (Troll Transmuter)             Turns: 20471, Time: 00:29:10

Health: -8/143     AC: 12    Str: 21    XL:     14   Next: 65%
Magic:  17/19      EV: 11    Int: 16    God:    Okawaru [*****.]
Gold:   3228       SH:  5    Dex: 10    Spells: 6/22 levels left

rFire   . . .      SeeInvis .      - Unarmed
rCold   . . .      Faith    .    (no shield)
rNeg    . . .      Spirit   .    J - +0 troll leather armour
rPois   .          Reflect  +    I - +0 hat {Int+3}
rElec   .          Rampage  .    B - +0 cloak
rCorr   .                        (gloves unavailable)
Will    ++...                    (boots unavailable)
Stlth   ++                       s - amulet of reflection
HPRegen 2.03/turn                d - ring of willpower
MPRegen 0.16/turn                n - +4 ring of protection

@: heroic
A: large, unfitting armour, claws 3, regeneration 1, shaggy fur 1, tough skin 1
a: Renounce Religion, Heroism, Finesse, Duel


You were on level 12 of the Dungeon.
You worshipped Okawaru.
Okawaru was extremely pleased with you.
You visited 3 branches of the dungeon, and saw 19 of its levels.

You collected 3228 gold pieces.


Innate Abilities, Weirdness & Mutations

You are too large for most types of armour.
You have claws for hands.
Your natural rate of healing is unusually fast.
You are covered in fur. (AC +1)
You have tough skin. (AC +1)


   Skills:
 - Level 10.0(15.0) Fighting
 - Level 1.5(6.5) Dodging
 - Level 15.0(20.0) Unarmed Combat
 + Level 4.6 Spellcasting
 - Level 12.0 Transmutations
 * Level 2.6 Earth Magic
 - Level 7.0 Invocations


You had 6 spell levels left.
You knew the following spells:

 Your Spells              Type           Power      Damage    Failure   Level
a - Beastly Appendage     Tmut           84%        N/A       1%          1
b - Wereblood             Tmut           42%        N/A       1%          2
c - Storm Form            Tmut/Air       11%        N/A       100%        7
d - Statue Form           Tmut/Erth      18%        N/A       80%         6

Your spell library contained the following spells:

 Spells                   Type           Power      Damage    Failure   Level
 Spider Form              Tmut/Pois      22%        N/A       4%          3
 Ignite Poison            Fire/Tmut/Pois 16%        N/A       11%         3
 Ice Form                 Ice/Tmut       22%        N/A       16%         4
 Blink                    Tloc           6%         N/A       28%         2
 Cigotuvi's Dreadful Rot  Necr/Pois/Air  6%         N/A       28%         2
 Poisonous Vapours        Pois/Air       6%         N/A       28%         2
 Gell's Gravitas          Tloc           3%         N/A       50%         3
 Mephitic Cloud           Conj/Pois/Air  3%         N/A       50%         3
 Teleport Other           Tloc           3%         N/A       50%         3
 Volatile Blastmotes      Fire/Tloc      6%         2d10      50%         3
 Leda's Liquefaction      Hex/Erth       3%         N/A       71%         4
 Lee's Rapid Deconstruct  Erth           6%         3d6*      86%         5
 Dispel Undead            Necr           3%         3d7       88%         4
 Manifold Assault         Tloc           3%         N/A       88%         4
 Passage of Golubria      Tloc           3%         N/A       88%         4
 Fireball                 Conj/Fire      1%         3d3       99%         5
 Freezing Cloud           Conj/Ice/Air   1%         6-21      99%         5
 Iskenderun's Battlesphe  Conj           3%         2d6       99%         5
 Conjure Ball Lightning   Conj/Air       1%         3x3d6     100%        6
 Dispersal                Tloc           1%         N/A       100%        6
 Orb of Destruction       Conj           1%         9d5       100%        7
 Death Channel            Necr           Unusable   N/A       N/A         6

Inventory:

Armour
 u - a +2 robe of resistance
   (You found it on level 9 of the Dungeon)
 B - a +0 cloak (worn)
   (You found it on level 1 of the Lair of Beasts)
 C - +0 steam dragon scales
   (You found it on level 2 of the Lair of Beasts)
 I - a +0 hat of intelligence (worn)
   (Okawaru gifted it to you on level 4 of the Lair of Beasts)
 J - a +0 troll leather armour (worn)
   (You found it on level 2 of the Orcish Mines)
Jewellery
 d - a ring of willpower (left claw)
   (You found it on level 1 of the Dungeon)
 n - a +4 ring of protection (right claw)
   (You found it on level 5 of the Dungeon)
 s - an amulet of reflection (around neck)
   (You found it on level 7 of the Dungeon)
 F - a ring of willpower
   (You found it on level 2 of the Lair of Beasts)
 L - a ring of see invisible
   (You found it on level 12 of the Dungeon)
Wands
 a - a wand of digging (10)
   (You found it on level 10 of the Dungeon)
 b - a wand of polymorph (24)
   (You found it on level 7 of the Dungeon)
 j - a wand of paralysis (24)
   (You found it on level 4 of the Dungeon)
 r - a wand of flame (32)
   (You found it on level 7 of the Dungeon)
 y - a wand of quicksilver (10)
   (You found it on level 1 of the Lair of Beasts)
 M - a wand of mindburst (4)
   (You found it on level 5 of the Lair of Beasts)
Scrolls
 f - 3 scrolls of magic mapping
 h - a scroll of identify
 o - 4 scrolls of fog
 p - 4 scrolls of amnesia
 t - 2 scrolls of fear
 v - a scroll of teleportation
 D - 2 scrolls of immolation
 E - 2 scrolls of enchant weapon
 G - a scroll of brand weapon
 K - 2 scrolls of enchant armour
Potions
 c - a potion of haste
 e - 10 potions of curing
 g - 3 potions of resistance
 i - 3 potions of flight
 k - 4 potions of brilliance
 l - 5 potions of attraction
 m - 2 potions of mutation
 q - 3 potions of might
 w - 4 potions of ambrosia
 x - a potion of magic
 z - 2 potions of berserk rage
 A - 2 potions of cancellation
 H - a potion of invisibility

Dungeon Overview and Level Annotations

Branches:
Dungeon (12/15) Zot: 26308  Temple (0/1) D:6            Lair (5/5) D:10 Zot: 22828
 Shoals (0/4) Lair:3       Spider (0/4) Lair:2        Slime (0/5) Lair:5
    Orc (2/2) D:9 Zot: 9378     Elf (0/3) Orc:2

Altars:
Ashenzari
Cheibriados
Elyvilon
Hepliaklqana
Kikubaaqudgha
Nemelex Xobeh
Okawaru
Qazlal
Ru
Sif Muna
Uskayaw
Vehumet
Wu Jian
Xom
Yredelemnul
Zin
Jiyva

Shops:
Orc:2 =[!:*

Portals:
Pandemonium: Orc:2
Trove: D:11 (give +2 shadow dragon scales)

Annotations:
D:10 2 transporters
D:12 1 runed translucent door, epsilonplus's ghost, journeyman TeFi
Lair:4 2 transporters
Lair:5 exclusion: orange crystal statue

#.##.# #.##.# #.##.#
#.##.# #.##..
######### #.##.. ##
#.......# #.##..
.#...####.#####.#
#.....
...$..)@..#####.#
#.###.
##(...O.........###.#
#.
#..####<.####..?.#.#
#. #. #..####.##.#.#
#. #............# #.
##.####.##.#####. #.#
#.##.##....
...####.##.......
>.......<.....###


You could see a two-headed ogre.


Message History

😕 HP[+2]
You regained 2 hp, and now have 135/143 hp.
The electric eel shoots out a bolt of lightning at you!
The bolt of electricity hits you! 😕 HP[-5]
You take 5 damage, and now have 130/143 hp.
You claw the electric eel! 😕 HP[+1]
You claw the electric eel!
You kill the electric eel!
Okawaru accepts your kill.
You hear a splash.
Why would you want to do that? 😕 HP[+2]
You regained 2 hp, and now have 133/143 hp.
Why would you want to do that?
You now have 3228 gold pieces (gained 14).
There is a fountain of clear blue water here.
There is a fountain of clear blue water here.
There is an open door here.
You see here a +0 flail.
Things that are here:
a yak corpse; a yak corpse Key pressed, stopping explore.
You see here a scroll of poison.
Key pressed, stopping explore.
Found a stone staircase leading up. 😎 HP[+10]
Your hp is fully restored (143).
A two-headed ogre comes into view.
It is wielding a +0 giant club and a +0 giant spiked club.
The two-headed ogre shouts in stereo!
You hear a bark!
A two-headed ogre is nearby!
A two-headed ogre is nearby!
The two-headed ogre barely misses you. You block the two-headed ogre's attack.
You barely miss the two-headed ogre.
The two-headed ogre hits you with a +0 giant club!!
The two-headed ogre hits you with a +0 giant spiked club! 😮 HP[-37]
You take 37 damage, and now have 106/143 hp.
MASSIVE DAMAGE!! (PAUSE)
You scratch the two-headed ogre. 😕 HP[+2]
You regained 2 hp, and now have 108/143 hp.
You scratch the two-headed ogre.
The two-headed ogre hits you but does no damage.
The two-headed ogre hits you with a +0 giant spiked club!
A two-headed ogre comes into view.
It is wielding a +0 giant club and a +0 giant spiked club.
The two-headed ogre shouts in stereo!
You claw the two-headed ogre!
You hear a bark! 😮 HP[-12]
You take 12 damage, and now have 96/143 hp.
You barely miss the two-headed ogre.
You claw the two-headed ogre! 😮 HP[+1] Unknown command.
You are too injured to fight recklessly!
You barely miss the two-headed ogre. The two-headed ogre barely misses you.
The two-headed ogre hits you with a +0 giant spiked club!! 😮 HP[-21]
You take 21 damage, and now have 76/143 hp.
Unknown command.
You mangle the two-headed ogre!!
You claw the two-headed ogre, but do no damage. 😮 HP[+1]
You scratch the two-headed ogre.
The two-headed ogre hits you with a +0 giant club!
* * * LOW HITPOINT WARNING * * *
The two-headed ogre closely misses you. 😨 HP[-7]
You take 7 damage, and now have 70/143 hp.
You scratch the two-headed ogre.
You kill the two-headed ogre!
Okawaru accepts your kill.
The two-headed ogre hits you with a +0 giant club!!
* * * LOW HITPOINT WARNING * * *
The two-headed ogre hits you with a +0 giant spiked club!
* * * LOW HITPOINT WARNING * * *
Unknown command. 😨 HP[-33]
You take 33 damage, and now have 37/143 hp.
MASSIVE DAMAGE!! (PAUSE)
You gain the combat prowess of a mighty hero. 😨 HP[+2] MP[-2]
You regained 2 hp, and now have 39/143 hp.
You lost 2 mp, and now have 17/19 mp.
Unknown command.
You barely miss the two-headed ogre. You block the two-headed ogre's attack.
The two-headed ogre hits you with a +0 giant spiked club!
* * * LOW HITPOINT WARNING * * *
😱 HP[-6]
You take 6 damage, and now have 33/143 hp.
Unknown command.
You claw the two-headed ogre! 😱 HP[+1] Unknown command.
You scratch the two-headed ogre but do no damage.
The two-headed ogre hits you with a +0 giant club!!
* * * LOW HITPOINT WARNING * * *
The two-headed ogre hits you with a +0 giant spiked club!
You die...

Skill      XL: |  1  2  3  4  5  6  7  8  9 10 11 12 13 14 |
---------------+-------------------------------------------+-----
Fighting       | 1 2 3 4 5 6 8 9 10 | 10.0
Unarmed Combat | 4 5 6 7 8 11 13 15 | 15.0
Transmutations | 4 6 9 11 12 | 12.0
Invocations    | 1 7 |  7.0
Spellcasting   | 4 |  4.6
Earth Magic    | 2 |  2.6
Dodging        | |  1.5

Action                     |  1- 3 |  4- 6 |  7- 9 | 10-12 | 13-15 || total
---------------------------+-------+-------+-------+-------+-------++-------
  Melee: Unarmed           |   113 |   257 |   259 |   603 |   912 ||  2144
         Punch             |     2 |     5 |     7 |    55 |    81 ||   150
         Kick              |       |     2 |    10 |     3 |       ||    15
         Headbutt          |       |     1 |     8 |     3 |       ||    12
   Cast: Wereblood         |       |     1 |       |     3 |     2 ||     6
         Beastly Appendage |       |     1 |    10 |     2 |       ||    13
 Invoke: Heroism           |       |       |       |     3 |    13 ||    16
  Evoke: Wand              |       |       |       |     8 |     4 ||    12
    Use: Potion            |     1 |       |     2 |     2 |     1 ||     6
         Scroll            |       |    10 |     5 |     6 |    11 ||    32
   Stab: Invisible         |     1 |       |       |     2 |       ||     3
         Sleeping          |     1 |       |       |       |       ||     1
         Paralysed         |       |       |       |    11 |       ||    11
 Armour: Robe              |    37 |   123 |    70 |   150 |       ||   380
         Skin              |       |       |    11 |       |       ||    11
         Steam dragon scal |       |       |       |    48 |   236 ||   284
         Troll leather arm |       |       |       |       |    86 ||    86
  Dodge: Dodged            |    91 |   143 |   106 |   194 |   321 ||   855
  Block: Other             |       |       |    13 |   114 |   198 ||   325
         Reflection        |       |       |     2 |     3 |     8 ||    13

Levels and vault maps discovered:
D:1:      lemuel_arrival_hallway, layout_basic,
          hellmonk_ecumenical_altar_lost_god, roderic_malta_cross,
          minmay_pentomino_x4
D:2:      layout_loops_cross, glass_columns_c, minmay_tiny_reverse_x,
          uniq_terence, uniq_jessica, uniq_robin
D:3:      layout_loops_ring, minitemple, serial_co_window_serial,
          co_window_corner_a, co_window_of_opportunity_a, co_window_corner_a,
          co_window_paths_a, co_window_of_opportunity_a, co_window_corner_b,
          co_window_corner_b, co_window_broadway_b, co_window_cross_2,
          co_window_unsneaky_path_b, co_window_broadway_c,
          co_window_unsneaky_path_e, co_window_paths_d, glass_columns_a,
          glass_columns_c
D:4:      kb_forest_paths, layout_loops_ring, kennysheep_vampire_church
D:5:      layout_basic, marbit_many_paths, gup_sewer_entry_pipe,
          corexii_hall_statues_i, serial_bayou_lagoon_a,
          kennysheep_small_square, uniq_prince_ribbit1
D:6:      layout_loops_corners, minmay_temple_entry_hall,
          minmay_misc_feat_tower, uniq_eustachio
D:7:      layout_loops_ring, hangedman_decor_peaks_small, kennysheep_boxes
D:8:      layout_basic, grunt_qazlal_clouds, nicolae_uskayaw_dance_hall,
          abandoned_shop, uniq_psyche, uniq_joseph
D:9:      layout_rooms, nicolae_sif_muna_condensation,
          mainiacjoe_overflow_24_doors, orc_0_dummy
D:10:     gammafunk_wand_slinger, layout_stronghold, dpeg_oklobed_lair,
          uniq_grum
D:11:     layout_basic, enter_trove_2, kennysheep_generic_room_13
D:12:     layout_loops_ring, ebering_ghost_reflecting_pool,
          kennysheep_generic_room_2, uniq_azrael
Lair:1:   layout_regular_city
Lair:2:   layout_gridlike, spider_nest_entry_webs, nzn_random_ring, uniq_urug
Lair:3:   layout_long_grid, shoals_dummy_entry, basic_altar
Lair:4:   gammafunk_boulding_lane, layout_regular_city, nzn_sisyphean_effort,
          serial_bayou_shore_b, uniq_kirke
Lair:5:   minmay_lair_end_enchanted_forest, layout_regular_city,
          minmay_slime_entry_jelly_boxes, portal_ice_cave_entry_imps,
          disabler_island
Orc:1:    layout_diamond_mine, basic_altar
Orc:2:    pf_orc_diabolical, layout_diamond_mine, serial_shops,
          nicolae_lakefront_shop, mines1_david

Notes
Turn   | Place    | Note
-------+----------+-------------------------------------------
     0 | D:1      | ytrimaz the Troll Transmuter began the quest for the Orb.
     0 | D:1      | Reached XP level 1. HP: 18/18 MP: 1/1
     0 | D:1      | magus.rc [v1.9.6]
    42 | D:1      | Reached skill level 1 in Fighting
    65 | D:1      | Reached XP level 2. HP: 24/27 MP: 2/2
    83 | D:1      | Found a faded altar of an unknown god.
   393 | D:1      | Reached skill level 2 in Fighting
   409 | D:1      | Reached XP level 3. HP: 35/35 MP: 3/3
   565 | D:2      | HP: 9/36 [quokka (3)]
   596 | D:2      | Reached XP level 4. HP: 15/44 MP: 4/4
   640 | D:2      | Learned a level 2 spell: Wereblood
   666 | D:2      | Noticed Jessica
   670 | D:2      | Killed Jessica
   671 | D:2      | Reached skill level 3 in Fighting
   718 | D:2      | Reached skill level 4 in Unarmed Combat
   850 | D:2      | Noticed Robin
   865 | D:2      | Killed Robin
   866 | D:2      | Reached XP level 5. HP: 53/53 MP: 3/5
  1230 | D:2      | Noticed Terence
  1240 | D:2      | Killed Terence
  1459 | D:3      | Identified the +1 mace "Gowk" {pain, Str+3}
  1829 | D:3      | Found a radiant altar of Vehumet.
  1831 | D:3      | Found a broken altar of Ashenzari.
  1831 | D:3      | Found a hazy altar of Hepliaklqana.
  1831 | D:3      | Found a white marble altar of Elyvilon.
  1832 | D:3      | Found a basalt altar of Yredelemnul.
  1832 | D:3      | Found a snail-covered altar of Cheibriados.
  1833 | D:3      | Found a glowing silver altar of Zin.
  1834 | D:3      | Found a shimmering altar of Xom.
  1835 | D:3      | Found a sparkling altar of Nemelex Xobeh.
  1836 | D:3      | Found a sacrificial altar of Ru.
  2522 | D:4      | Reached skill level 4 in Fighting
  2669 | D:4      | Reached XP level 6. HP: 62/62 MP: 6/6
  2715 | D:4      | Found an ancient bone altar of Kikubaaqudgha.
  2876 | D:4      | You add the spells Blink, Manifold Assault and Storm Form
                  | to your library.
  3288 | D:5      | Entered Level 5 of the Dungeon
  3288 | D:5      | Noticed Prince Ribbit
  3404 | D:5      | Reached skill level 5 in Unarmed Combat
  3409 | D:5      | Reached skill level 5 in Fighting
  3418 | D:5      | Reached XP level 7. HP: 18/72 MP: 7/7
  3418 | D:5      | HP: 16/72 [something (3)]
  3423 | D:5      | HP: 9/72 [something/puff of flame (12)]
  3542 | D:5      | Killed Prince Ribbit
  3543 | D:5      | Reached skill level 6 in Fighting
  3543 | D:5      | Reached skill level 6 in Unarmed Combat
  3604 | D:5      | Noticed a wraith
  3620 | D:5      | Killed a wraith
  3621 | D:5      | Reached XP level 8. HP: 48/84 MP: 8/8
  3791 | D:5      | Reached skill level 7 in Fighting
  4141 | D:5      | Found an iron altar of Okawaru.
  4151 | D:5      | Became a worshipper of Warmaster Okawaru
  5011 | D:6      | Reached skill level 7 in Unarmed Combat
  5092 | D:6      | Noticed Eustachio
  5122 | D:6      | Killed Eustachio
  5227 | D:6      | Reached skill level 8 in Fighting
  5438 | D:6      | Reached * piety under Okawaru
  5455 | D:6      | Reached XP level 9. HP: 96/96 MP: 7/9
  5463 | D:6      | Learned a level 7 spell: Storm Form
  5836 | D:6      | Found a staircase to the Ecumenical Temple.
  6112 | D:7      | Noticed a red ugly thing
  6125 | D:7      | HP: 20/145 [red ugly thing (17)]
  6126 | D:7      | Killed a red ugly thing
  6126 | D:7      | Reached ** piety under Okawaru
  6127 | D:7      | Reached skill level 9 in Fighting
  6127 | D:7      | Reached skill level 8 in Unarmed Combat
  6838 | D:8      | Found a hide-covered altar of Uskayaw.
  6884 | D:8      | Noticed Joseph
  6900 | D:8      | Killed Joseph
  6900 | D:8      | Reached *** piety under Okawaru
  7159 | D:8      | Noticed Psyche
  7180 | D:8      | Killed Psyche
  7198 | D:8      | Found a stormy altar of Qazlal.
  7315 | D:9      | Reached XP level 10. HP: 110/110 MP: 10/10
  7317 | D:9      | Reached skill level 10 in Fighting
  7317 | D:9      | Reached skill level 9 in Unarmed Combat
  7355 | D:9      | Noticed a two-headed ogre
  7362 | D:9      | Killed a two-headed ogre
  7362 | D:9      | Reached **** piety under Okawaru
  7363 | D:9      | Reached skill level 10 in Unarmed Combat
  7420 | D:9      | Found an ornate altar of the Wu Jian Council.
  7528 | D:9      | Found a shimmering blue altar of Sif Muna.
  7580 | D:9      | Found a staircase to the Orcish Mines.
  7770 | D:10     | Entered Level 10 of the Dungeon
  7770 | D:10     | Noticed a deep elf knight
  7770 | D:10     | Noticed a fire crab
  7770 | D:10     | Found a transporter.
  7837 | D:10     | Noticed an oklob plant
  7943 | D:10     | Found a staircase to the Lair.
  8045 | D:10     | Reached skill level 2 in Transmutations
  8050 | D:10     | Received a gift from Okawaru
  8136 | D:10     | Reached skill level 3 in Transmutations
  8149 | D:10     | Reached skill level 11 in Unarmed Combat
  8218 | D:10     | Found a transporter.
  8219 | D:10     | Noticed an orc high priest
  8248 | D:10     | Identified the +10 short sword of Xequmeli {vamp, Int+3}
  8526 | D:10     | Reached ***** piety under Okawaru
  8608 | D:10     | Noticed Grum
  8621 | D:10     | Killed Grum
  8622 | D:10     | Reached skill level 4 in Transmutations
  8623 | D:10     | Received a gift from Okawaru
  8796 | D:11     | Noticed a cyclops
  8801 | D:11     | Killed a cyclops
  8802 | D:11     | Reached XP level 11. HP: 79/117 MP: 11/11
  8835 | D:11     | Found a portal to a secret trove of treasure.
  8847 | D:11     | You add the spells Gell's Gravitas, Teleport Other and
                  | Dispersal to your library.
  8851 | D:11     | This trove needs +2 shadow dragon scales to function. Give
                  | it the item?
  8893 | D:11     | Noticed a boulder beetle
  8975 | D:11     | HP: 26/117 [centaur/arrow (5)]
  8981 | D:11     | Killed a boulder beetle
  9137 | D:11     | Reached skill level 12 in Unarmed Combat
  9196 | D:11     | You add the spells Cigotuvi's Dreadful Rot, Ignite Poison
                  | and Freezing Cloud to your library.
  9492 | D:11     | Reached skill level 5 in Transmutations
  9673 | D:12     | Noticed a brown ugly thing
  9688 | D:11     | Killed a brown ugly thing
  9787 | Orc:1    | Entered Level 1 of the Orcish Mines
  9839 | Orc:2    | Entered Level 2 of the Orcish Mines
 10153 | Orc:2    | Found Womijur's Jewellery Shoppe.
 10212 | Orc:2    | Noticed an orc knight
 10305 | Orc:2    | Killed an orc knight
 10332 | Orc:2    | Found a staircase to the Elven Halls.
 10386 | Orc:2    | Noticed a two-headed ogre
 10398 | Orc:2    | Killed a two-headed ogre
 10398 | Orc:2    | Received a gift from Okawaru
 10399 | Orc:2    | Reached skill level 6 in Transmutations
 10578 | Orc:2    | Noticed a two-headed ogre
 10598 | Orc:2    | Killed a two-headed ogre
 10599 | Orc:2    | Reached skill level 13 in Unarmed Combat
 10760 | D:10     | Noticed a two-headed ogre
 10767 | D:10     | Killed a two-headed ogre
 10828 | D:10     | Killed an oklob plant
 10839 | Lair:1   | Entered Level 1 of the Lair of Beasts
 10891 | Lair:1   | Noticed a six-headed hydra
 10919 | Lair:1   | Killed a seven-headed hydra
 10961 | Lair:1   | Reached ****** piety under Okawaru
 10962 | Lair:1   | Reached XP level 12. HP: 77/126 MP: 12/12
 11064 | Lair:1   | Reached skill level 7 in Transmutations
 11409 | Lair:1   | Noticed a death yak
 11410 | Lair:1   | Noticed a death yak
 11439 | Lair:1   | Killed a death yak
 11439 | Lair:1   | Identified the +7 halberd of Cameum {flame, rPois rC+}
                  | (Okawaru gifted it to you on level 1 of the Lair of Beasts)
 11439 | Lair:1   | Received a gift from Okawaru
 11622 | Lair:1   | Reached skill level 14 in Unarmed Combat
 11785 | Lair:1   | Noticed a death yak
 11813 | Lair:1   | Killed a death yak
 11820 | Lair:1   | Killed a death yak
 11897 | Lair:2   | Noticed Urug
 11981 | Lair:2   | Killed Urug
 11982 | Lair:2   | Reached skill level 8 in Transmutations
 12023 | Lair:2   | Found a hole to the Spider Nest.
 12477 | Lair:2   | Noticed an eight-headed hydra
 12486 | Lair:2   | Killed an 11-headed hydra
 12606 | Lair:2   | You pick up a book of the Spheres and begin reading...
 12606 | Lair:2   | You add the spells Iskenderun's Battlesphere, Fireball,
                  | Conjure Ball Lightning and Orb of Destruction to your
                  | library.
 12736 | Lair:2   | Identified the +0 bardiche "Xofurhaf" {flame, rPois rN+
                  | Str-2 Dex+3} (Okawaru gifted it to you on level 2 of the
                  | Lair of Beasts)
 12736 | Lair:2   | Received a gift from Okawaru
 13077 | Lair:2   | Noticed a five-headed hydra
 13077 | Lair:2   | Noticed a death yak
 13091 | Lair:2   | Killed a death yak
 13098 | Lair:2   | Killed an 11-headed hydra
 13099 | Lair:2   | Reached skill level 15 in Unarmed Combat
 13099 | Lair:2   | Reached skill level 9 in Transmutations
 13109 | Lair:2   | You pick up a book of Vapours and begin reading...
 13109 | Lair:2   | You add the spells Poisonous Vapours and Mephitic Cloud to
                  | your library.
 13112 | Lair:2   | You pick up a book of the Earth and begin reading...
 13112 | Lair:2   | You add the spells Leda's Liquefaction, Lee's Rapid
                  | Deconstruction and Statue Form to your library.
 13273 | Lair:3   | Reached skill level 1 in Invocations
 13333 | Lair:3   | You pick up a book of Decay and begin reading...
 13360 | Lair:3   | Identified the +0 flail of Uxoumyupn {freeze, rF- Will+
                  | Int+2 Stlth+}
 13451 | Lair:3   | Reached XP level 13. HP: 91/133 MP: 13/13
 13530 | Lair:3   | Reached skill level 2 in Invocations
 13544 | Lair:3   | Found a broken altar of Ashenzari.
 13599 | Lair:3   | Found a staircase to the Shoals.
 13854 | Lair:3   | Identified the +2 mace of Cuanateph {elec, *Noise rCorr
                  | Int+3}
 13941 | Lair:4   | Noticed Kirke
 14085 | Lair:4   | Found a transporter.
 14085 | Lair:4   | Found a transporter.
 14145 | Lair:4   | Killed Kirke
 14145 | Lair:4   | Received a gift from Okawaru
 14363 | Lair:4   | Reached skill level 3 in Invocations
 14719 | Lair:4   | Reached skill level 4 in Invocations
 15075 | Lair:4   | Reached skill level 10 in Transmutations
 15122 | Lair:4   | Reached skill level 5 in Invocations
 15406 | Lair:5   | Entered Level 5 of the Lair of Beasts
 15505 | Lair:5   | HP: 32/133 [blink frog (6)]
 15913 | Lair:5   | Found a staircase to the Slime Pits.
 15914 | Lair:5   | Found a viscous altar of Jiyva.
 16155 | Lair:5   | Reached skill level 6 in Invocations
 16706 | Lair:5   | Received a gift from Okawaru
 16878 | Lair:5   | Reached skill level 7 in Invocations
 17041 | Lair:5   | Reached skill level 11 in Transmutations
 17222 | Lair:5   | HP: 26/133 [polar bear[a boggart] (12)]
 17385 | Lair:5   | Reached XP level 14. HP: 106/143 MP: 18/18
 17461 | Lair:5   | Identified a scroll of acquirement
 17461 | Lair:5   | Acquired 1099 gold pieces
 17513 | Lair:5   | Paralysed by a hornet for 3 turns
 17523 | Lair:5   | HP: 29/143 [hornet (7)]
 17524 | Lair:5   | Paralysed by a hornet for 3 turns
 17525 | Lair:5   | HP: 13/143 [hornet (2)]
 17530 | Lair:5   | HP: 15/143 [poisoned by a hornet]
 17606 | Lair:5   | Received a gift from Okawaru
 17962 | Lair:5   | You add the spells Volatile Blastmotes and Passage of
                  | Golubria to your library.
 17962 | Lair:5   | Got Sif Muna's Anthology of Disjunct Cadavers
 18480 | Orc:2    | Found Rusik's General Store.
 18481 | Orc:2    | Found Nomautz's Distillery.
 18650 | Orc:2    | Reached skill level 2 in Spellcasting
 19011 | Orc:2    | Reached skill level 12 in Transmutations
 19016 | Orc:2    | HP: 33/138 [demonspawn (9)]
 19020 | Orc:2    | HP: 5/139 [demonspawn (15)]
 19047 | Orc:2    | Reached skill level 3 in Spellcasting
 19218 | Orc:2    | Reached skill level 4 in Spellcasting
 19260 | Orc:2    | Paralysed by an orc sorcerer for 5 turns
 19579 | Orc:2    | Found Wov Ramn's Antique Armour Shop.
 19579 | Orc:2    | Found Ceablala's Book Boutique.
 19579 | Orc:2    | Found a one-way gate leading to the halls of Pandemonium.
 19594 | Orc:2    | Learned a level 6 spell: Statue Form
 19781 | Orc:1    | Reached skill level 1 in Earth Magic
 20212 | D:12     | Found a runed translucent door.
 20215 | D:12     | Noticed epsilonplus's ghost (journeyman TeFi)
 20345 | D:12     | Reached skill level 2 in Earth Magic
 20469 | D:12     | HP: 33/143 [two-headed ogre/+0 giant club (7)]
 20471 | D:12     | HP: 8/143 [two-headed ogre/+0 giant club (28)]
 20471 | D:12     | Mangled by a two-headed ogre

Vanquished Creatures
  Kirke (Lair:4)
  A catoblepas (Lair:5)
  4 hydras
  3 demonspawn (Orc:2)
  5 two-headed ogres
  5 death yaks
  2 boulder beetles
  Urug (Lair:2)
  4 orc high priests (Orc:2)
  2 skysharks (Lair:5)
  4 orc knights (Orc:2)
  7 orc sorcerers (Orc:2)
  2 ugly things
  An oklob plant (D:10)
  5 black mambas
  2 cyclopes (D:11)
  A manticore (D:12)
  An elephant (Lair:2)
  Joseph (D:8)
  2 rust devils (Orc:2)
  A smoke demon (Orc:2)
  7 cane toads
  Psyche (D:8)
  A gargoyle (D:12)
  4 komodo dragons
  2 torpor snails
  2 rime drakes
  An unseen horror (D:10)
  A kobold demonologist (D:11)
  An ice devil (Orc:2)
  A troll (Orc:2)
  3 polar bears (Lair:5)
  Prince Ribbit (D:5)
  6 hornets (Lair:5)
  21 blink frogs
  17 spriggans (Lair:5)
  2 shadows (D:11)
  2 slime creatures (D:12)
  A wraith (D:5)
  4 wyverns
  3 hogs
  43 yaks
  Grum (D:10)
  2 basilisks
  2 humans (Lair:4)
  4 fire bats (Lair:2)
  2 redbacks (Lair:2)
  2 steam dragons
  Eustachio (D:6)
  3 wargs
  15 water moccasins
  27 orc warriors
  3 ice beasts
  4 ogres
  7 black bears
  17 wolves
  2 boggarts (Lair:5)
  10 centaurs
  A kobold brigand (D:5)
  13 bullfrogs
  4 scorpions
  5 wights (D:9)
  7 killer bees
  5 electric eels
  6 howler monkeys
  A vampire bat (D:4)
  3 lava snakes
  20 orc priests
  6 hounds
  17 jellies
  Jessica (D:2)
  3 iguanas
  2 sleepcaps (D:5)
  20 orc wizards
  Terence (D:2)
  Robin (D:2)
  3 gnolls (D:2)
  6 adders
  A shadow imp (D:7)
  13 white imps
  6 worms
  5 dart slugs
  47 orcs
  9 ball pythons
  4 bat skeletons (D:4)
  3 bat zombies (D:4)
  10 endoplasms
  12 giant cockroaches
  12 goblins
  8 hobgoblins
  6 jackals
  10 kobolds
  6 quokkas
  3 bats
  4 frilled lizards
  7 rats
572 creatures vanquished.

Vanquished Creatures (others)
  37 fungi
  65 plants
102 creatures vanquished.

Grand Total: 674 creatures vanquished

Table legend:
 A = Non-vault XP
 B = Vault XP
 C = Vault XP percentage of total XP
 D = Non-vault monster count
 E = Vault monster count
 F = Vault count percentage of total count
                 A         B        C        D         E       F
            +---------+---------+-------+---------+---------+-------
      Total |   52126 |   37657 |  41.9 |     362 |     208 |  36.5
            +---------+---------+-------+---------+---------+-------
        D:1 |      43 |       4 |   8.5 |      25 |       2 |   7.4
        D:2 |     119 |     109 |  47.8 |      24 |      17 |  41.5
        D:3 |      51 |       0 |   0.0 |      14 |       0 |   0.0
        D:4 |     167 |     124 |  42.6 |      19 |      14 |  42.4
        D:5 |    1111 |     526 |  32.1 |      20 |      12 |  37.5
        D:6 |     639 |     182 |  22.2 |      15 |       1 |   6.2
        D:7 |    1173 |       0 |   0.0 |      13 |       0 |   0.0
        D:8 |     576 |     644 |  52.8 |       5 |       2 |  28.6
        D:9 |    1810 |       0 |   0.0 |      15 |       0 |   0.0
       D:10 |    3884 |     945 |  19.6 |      21 |       4 |  16.0
       D:11 |    3547 |     232 |   6.1 |      12 |       1 |   7.7
       D:12 |    2205 |     838 |  27.5 |       8 |       3 |  27.3
     Lair:1 |    7628 |       0 |   0.0 |      24 |       0 |   0.0
     Lair:2 |    3442 |    4697 |  57.7 |      15 |      11 |  42.3
     Lair:3 |    3020 |     417 |  12.1 |      15 |       2 |  11.8
     Lair:4 |    7916 |    2435 |  23.5 |      30 |       5 |  14.3
     Lair:5 |    9990 |   10035 |  50.1 |      31 |      72 |  69.9
      Orc:1 |    1199 |       0 |   0.0 |      23 |       0 |   0.0
      Orc:2 |    3606 |   16469 |  82.0 |      33 |      62 |  65.3
            +---------+---------+-------+---------+---------+-------

Illustrated notes

Table legend:
 A = Kills in this place as a percentage of kills in the entire game.
 B = Kills by you in this place as a percentage of kills by you in the entire game.
 C = Kills by friends in this place as a percentage of kills by friends in the entire game.
 D = Other kills in this place as a percentage of other kills in the entire game.
 E = Experience gained in this place as a percentage of experience gained in the entire game.
 F = Experience gained in this place divided by the number of levels of this place that you have seen.
                   A       B       C       D       E      F
               +-------+-------+-------+-------+-------+----------------------
         Total | 100.0 | 100.0 |   N/A |   N/A | 100.0 | 4725.4
       Dungeon |  43.3 |  43.3 |   N/A |   N/A |  21.1 | 1577.4
          Lair |  36.0 |  36.0 |   N/A |   N/A |  55.2 | 9916.0
  Orcish Mines |  20.7 |  20.7 |   N/A |   N/A |  23.7 | 10637.0
               +-------+-------+-------+-------+-------+----------------------

Table legend: (Time is in decaauts)
 A = Elapsed time spent in this place.
 B = Non-inter-level travel time spent in this place.
 C = Inter-level travel time spent in this place.
 D = Time resting spent in this place.
 E = Time spent auto-exploring this place.
 F = Levels seen in this place.
 G = Mean time per level.
                   A        B        C        D        E       F      G
               +--------+--------+--------+--------+--------+-----+--------+
         Total |  20048 |  18831 |   1217 |   1485 |  12878 |  19 | 1055.2 |
       Dungeon |  10255 |   9570 |    685 |    346 |   7342 |  12 |  854.6 |
          Lair |   7171 |   6801 |    370 |    842 |   4230 |   5 | 1434.2 |
  Orcish Mines |   2621 |   2460 |    161 |    296 |   1306 |   2 | 1310.5 |
               +--------+--------+--------+--------+--------+-----+--------+

Top non-repeatable levels by time:
  Lair:5: 2361 daAuts
   Orc:2: 2178 daAuts
  Lair:4: 1582 daAuts
     D:5: 1545 daAuts
  Lair:2: 1277 daAuts
    D:10: 1175 daAuts
  Lair:1: 1120 daAuts
     D:3: 1002 daAuts
     D:6: 942 daAuts
    D:11: 941 daAuts
     D:4: 928 daAuts
     D:2: 928 daAuts
     D:7: 858 daAuts
  Lair:3: 829 daAuts
     D:9: 595 daAuts
